Cogmind - Beta 10.2 @@@ ROGUE MODE // 2021.07.13 @ 18:59:29 Player: Burgers_Lettuce Result: Destroyed by H-66 Slayer with Gauss Rifle Performance ------------- Evolutions (4) 2000 Regions Visited (5) 1000 Robots Destroyed (95) 475 Value Destroyed (3020) 3020 Prototype IDs (1) 20 Alien Tech Used (0) 0 Bonus (55) 55 TOTAL SCORE: 6570 Bonus ------- High Alert Combat Kills 55 Cogmind --------- Core Integrity 0/850 Matter 61/300 Energy 100/100 System Corruption 0% Temperature Cool (0) Movement Core (50) Location -6/Factory Parts ------- > --- POWER (1) -------- (None) > --- PROPULSION (3) --- (None) > --- UTILITY (7) ------ (None) > --- WEAPON (4) ------- (None) > --- INVENTORY (4) ---- Advanced ECM Suite Lightning Gun Heavy Rocket Launcher Peak State ------------ > --- POWER ------------ Light Angular Momentum Engine > --- PROPULSION ------- Wheel Armored Wheel > --- UTILITY ---------- Kinecellerator Weapon Cycler Advanced ECM Suite Hardened Heavy Armor Plating Hacking Suite System Shield > --- WEAPON ----------- Arc Projector High-powered Shock Rifle Phase Cannon Coil Gun > --- INVENTORY -------- Shield Generator Lightning Gun Enhanced Autogun Heavy Rocket Launcher [Rating: 55] Favorites ----------- Power Improved Ion Engine Engine Improved Ion Engine Power Core Light Nuclear Core Propulsion Armored Wheel Treads Light Treads Wheel Armored Wheel Utility Small Storage Unit Device Shield Generator Storage Small Storage Unit Processor Signal Interpreter Hackware Hacking Suite Protection Hardened Light Armor Plating Weapon Rocket Launcher Energy Gun EM Shotgun Energy Cannon Beam Cannon Ballistic Gun Heavy Assault Rifle Ballistic Cannon Flak Cannon Launcher Rocket Launcher Build | -11 -10 -9 -8 -7 -6 ------- Run | Scr Mat Mat Mat Fac Fac Slots Evolved 8 | . . 2 2 2 2 Power . | . . . . . . Propulsion 1 | . . . . 1 . Utility 5 | . . 1 2 1 1 Weapon 2 | . . 1 . . 1 Parts Attached 97 | 8 2 25 30 17 15 Power 13 | 1 . 4 3 5 . Engine 11 | 1 . 4 3 3 . Core 2 | . . . . 2 . Reactor . | . . . . . . Propulsion 17 | 3 . 7 3 1 3 Treads 5 | 1 . 3 1 . . Leg . | . . . . . . Wheel 12 | 2 . 4 2 1 3 Hover . | . . . . . . Flight . | . . . . . . Utility 26 | 1 1 4 11 5 4 Device 8 | . . . 2 3 3 Storage 2 | 1 . 1 . . . Processor 4 | . 1 . 3 . . Hackware 2 | . . 1 . 1 . Protection 10 | . . 2 6 1 1 Artifact . | . . . . . . Weapon 41 | 3 1 10 13 6 8 Energy Gun 9 | 1 . 3 1 2 2 Energy Cannon 5 | . 1 1 2 . 1 Ballistic Gun 17 | 2 . 2 6 3 4 Ballistic Cannon 1 | . . . 1 . . Launcher 9 | . . 4 3 1 1 Special Weapon . | . . . . . . Impact Weapon . | . . . . . . Slashing Weapon . | . . . . . . Piercing Weapon . | . . . . . . Special Melee Weapon . | . . . . . . Unidentified Prototypes 1 | . . . 1 . . Parts Lost 27 | . . 6 4 2 15 Power 3 | . . . 1 1 1 Propulsion 8 | . . 2 1 1 4 Utility 6 | . . 1 . . 5 Weapon 10 | . . 3 2 . 5 Highest Loss Streak 12 | . . 3 2 2 12 Average Slot Usage (%) 91 | . 95 95 97 89 54 Engine 8 | . 14 11 8 2 3 Treads 7 | . 14 10 7 3 . Wheel 9 | . 14 10 9 8 4 Device 7 | . . . 7 22 14 Storage 7 | . 14 10 9 . . Processor 7 | . 9 8 10 . . Hackware 6 | . . 2 9 14 9 Protection 7 | . . 9 8 6 3 Energy Gun 4 | . 2 7 2 4 4 Energy Cannon 5 | . 11 7 6 . 3 Ballistic Gun 9 | . 14 8 7 17 4 Ballistic Cannon 1 | . . . 4 . . Launcher 5 | . . 8 5 . 1 Naked Turns 57 | . . . . . 57 Heaviest Build 62 | 11 12 28 32 31 62 Greatest Support 32 | 32 20 20 12 24 22 Greatest Overweight (x) 11 | . . 2 2 2 11 Average Overweight (x) 1 | . . 1 1 1 1 Largest Inventory Capacity 6 | 6 6 6 6 6 4 Average Capacity 5 | 5 6 5 6 4 4 Most Carried 6 | 4 6 6 6 4 4 Average Carried 5 | 2 5 5 5 3 3 Final Capacity 6 | 6 6 6 6 4 4 Final Carried 6 | 4 6 5 5 4 3 Class Distribution -------------------- 26% | Mutant 24% | Scavenger-Mutant 10% | Hacker-Bomber 10% | Scavenger-Tank 8% | Bomber 6% | Hacker-Mutant 5% | Tank 3% | Gunner Dominant Class ---------------- Mutant | -10/Materials Scavenger-Mutant | -9/Materials Bomber | -8/Materials Hacker-Bomber | -7/Factory Hacker-Bomber | -6/Factory Resources | -11 -10 -9 -8 -7 -6 ----------- Run | Scr Mat Mat Mat Fac Fac Matter Collected 1896 | 181 164 541 728 183 99 Remotely . | . . . . . . Salvage Created 3604 | . 303 1452 1308 222 319 Parts 171 | . 18 69 66 10 8 Haulers Intercepted 5 | . 1 3 1 . . Recyclers Shooed 5 | . . . 5 . . Parts Field Recycled . | . . . . . . Retrieved Matter . | . . . . . . Parts Self-Destructed . | . . . . . . Prevented . | . . . . . . Kills | -11 -10 -9 -8 -7 -6 ------- Run | Scr Mat Mat Mat Fac Fac Combat Hostiles Destroyed 66 | . 6 21 28 5 6 Guns 26 | . . 10 11 4 1 Cannons 26 | . 6 8 11 . 1 AOE 13 | . . 2 6 1 4 Classes Destroyed 12 | . 3 5 3 1 . Worker 7 | . . . 2 . 5 Builder 2 | . . 2 . . . Hauler 5 | . 1 3 1 . . Recycler 7 | . . 4 3 . . Operator 3 | . . 2 1 . . Watcher 5 | . 1 2 2 . . Swarmer 7 | . . . 7 . . Grunt 38 | . 6 13 14 . 5 Duelist 4 | . . 2 1 . 1 Sentry 11 | . . 6 4 1 . Hunter 4 | . . . 2 2 . Programmer 2 | . . . . 2 . Best Kill Streak 6 | . 3 6 6 2 5 Combat Bots Only 5 | . 3 3 5 2 4 Max Kills in Single Turn 2 | . 1 2 2 1 2 Gunslinging . | . . . . . . Exploded 2 | . . 1 1 1 2 Melee . | . . . . . . Uniques/NPCs Destroyed . | . . . . . . Combat | -11 -10 -9 -8 -7 -6 -------- Run | Scr Mat Mat Mat Fac Fac Damage Taken 4774 | . 158 863 1284 250 2219 Core 1239 | . . 169 140 70 860 Absorbed by Shields 354 | . . . 305 38 11 Core Remaining (%) 84 | 100 100 57 74 90 . Volleys Fired 233 | . 17 89 95 16 16 Largest 4 | . 2 3 3 3 4 Hottest 235 | . 80 143 154 119 235 Shots Fired 479 | . 34 200 163 47 35 Gun 323 | . 18 142 94 43 26 Cannon 128 | . 16 49 58 . 5 Launcher 28 | . . 9 11 4 4 Special . | . . . . . . Kinetic 238 | . 17 76 108 32 5 Thermal 130 | . 17 79 29 . 5 Explosive 21 | . . 6 7 4 4 Electromagnetic 90 | . . 39 19 11 21 Robot Hit Streak 37 | . 11 14 28 37 4 Robot Miss Streak 6 | . 2 5 6 5 4 Penetration Max 1 | . . . 1 . . Secondary Targets 1 | . . 1 . . . Max Gunslinging Chain 1 | . . 1 . . . Shots Hit Robots 310 | . 22 127 120 25 16 Core Hits 188 | . 10 62 82 15 19 Critical Hits 1 | . . . 1 . . Critical Kills . | . . . . . . Critical Parts Destroyed 1 | . . . 1 . . Melee Attacks . | . . . . . . Impact . | . . . . . . Slashing . | . . . . . . Piercing . | . . . . . . Sneak Attacks . | . . . . . . Combat Hostiles . | . . . . . . Follow-up Attacks . | . . . . . . Damage Inflicted 6992 | . 343 1860 2964 691 1134 Guns 3003 | . 82 1148 1041 457 275 Cannons 1701 | . 261 492 888 . 60 Explosions 2251 | . . 207 1011 234 799 Melee . | . . . . . . Ramming 37 | . . 13 24 . . Kinetic 2242 | . 82 424 1302 409 25 Thermal 1897 | . 261 833 478 120 205 Explosive 1781 | . . 106 907 114 654 Electromagnetic 1035 | . . 484 253 48 250 Impact . | . . . . . . Slashing . | . . . . . . Piercing . | . . . . . . Highest Corruption 2 | . . 2 2 2 . Average Corruption 1 | . . 2 1 1 . Corruption Purged . | . . . . . . Effects 20 | . . 1 18 1 . Message Errors 5 | . . . 4 1 . Heat Flow Errors 5 | . . . 5 . . Energy Discharges 4 | . . . 4 . . Data Loss (minor) 1 | . . 1 . . . Targeting Errors 2 | . . . 2 . . Weapon Failures 3 | . . . 3 . . Overload Shots . | . . . . . . Overflow Damage 140 | . . 9 47 41 43 Projectiles 30 | . . 9 21 . . Explosions 110 | . . . 26 41 43 Melee . | . . . . . . Knockbacks 17 | . . . 17 . . Impact . | . . . . . . Kinetic 16 | . . . 16 . . Secondary 1 | . . . 1 . . Self-Inflicted Damage 266 | . . 18 60 . 188 Shots 7 | . . 1 3 . 3 Rammed 8 | . . 2 6 . . Targets Rammed 9 | . . 3 6 . . Kicked . | . . . . . . Crushed 1 | . . 1 . . . Highest Temperature 596 | . 189 564 596 247 507 Average Temperature 124 | . 56 139 107 105 178 Received Heat Transfer 960 | . 87 249 396 . 228 Effects 28 | . . 13 10 1 4 Shutdowns 5 | . . 2 2 . 1 Energy Bleed 4 | . . . 3 1 . Interference 2 | . . . 2 . . Matter Decay 3 | . . 2 . . 1 Short Circuit 5 | . . 2 2 . 1 Damage (minor) 7 | . . 5 1 . 1 Damage (major) 2 | . . 2 . . . Siege Activations . | . . . . . . Robots Corrupted . | . . . . . . Combat Hostiles . | . . . . . . Parts Fried 5 | . . 2 2 . 1 Impact Corruptions . | . . . . . . Robots Melted 1 | . . 1 . . . Combat Hostiles 1 | . . 1 . . . Parts Melted 5 | . . 4 1 . . Heat Transferred 3318 | . 555 1686 753 100 224 Parts Sabotaged . | . . . . . . Parts Stolen . | . . . . . . Parts Stripped . | . . . . . . Power Chain Reactions 8 | . . 2 2 2 2 Missiles Intercepted . | . . . . . . Alert | -11 -10 -9 -8 -7 -6 ------- Run | Scr Mat Mat Mat Fac Fac Peak Influence 481 | . 231 378 481 235 317 Initial 215 | . . 97 127 215 65 Average 195 | . 116 193 283 111 184 Maximum Alert Level 2 | . 1 1 2 1 1 Low Security (%) 51 | 100 66 52 30 77 46 Level 1 43 | . 33 47 53 22 53 Level 2 4 | . . . 16 . . Level 3 . | . . . . . . Level 4 . | . . . . . . Level 5 . | . . . . . . High Security . | . . . . . . Max Security . | . . . . . . Squads Dispatched 18 | . 2 5 3 5 3 Investigation 4 | . 1 . 1 1 1 Extermination 2 | . . . . 2 . Reinforcement 11 | . 1 5 1 2 2 Assault . | . . . . . . Garrison 1 | . . . 1 . . Intercept . | . . . . . . Construction Impeded 3 | . . 1 . 1 1 Haulers Reinforced . | . . . . . . Stealth | -11 -10 -9 -8 -7 -6 --------- Run | Scr Mat Mat Mat Fac Fac Distress Signals 7 | . . 4 3 . . Communications Jammed . | . . . . . . Distress Signals . | . . . . . . Times Spotted 115 | . 10 40 42 8 15 Peak Tracking Total 6 | . 3 3 6 3 4 Tactical Retreats 6 | . . 2 1 . 3 Traps | -11 -10 -9 -8 -7 -6 ------- Run | Scr Mat Mat Mat Fac Fac Traps Triggered 2 | . . . 2 . . Indirectly . | . . . . . . Trap Hack Attempts . | . . . . . . Triggered . | . . . . . . Disarmed . | . . . . . . Reprogrammed . | . . . . . . Reused . | . . . . . . Traps Extracted . | . . . . . . Installed . | . . . . . . Triggered . | . . . . . . Machines | -11 -10 -9 -8 -7 -6 ---------- Run | Scr Mat Mat Mat Fac Fac Machines Disabled 12 | . . 2 5 1 4 Max in Single Turn 1 | . . 1 1 1 1 Machines Sabotaged . | . . . . . . Garrisons Compromised . | . . . . . . Overloaded Fab Kills . | . . . . . . Fab Network Shutdowns . | . . . . . . Hacking | -11 -10 -9 -8 -7 -6 --------- Run | Scr Mat Mat Mat Fac Fac Machines Accessed 17 | . 1 6 5 3 2 Terminals 12 | . 1 4 5 1 1 Fabricators 1 | . . . . 1 . Repair Stations 3 | . . 1 . 1 1 Recycling Units 1 | . . 1 . . . Scanalyzers . | . . . . . . Garrison Access . | . . . . . . Total Hacks 60 | . 9 19 16 12 4 Successful 35 | . 5 9 12 9 . Failed 25 | . 4 10 4 3 4 Catastrophic 1 | . . 1 . . . Database Lockouts . | . . . . . . Manual 41 | . 7 17 10 5 2 Terminals 46 | . 9 16 16 3 2 Fabricators 2 | . . . . 2 . Repair Stations 11 | . . 2 . 7 2 Recycling Units 1 | . . 1 . . . Scanalyzers . | . . . . . . Garrison Access . | . . . . . . Terminal Hacks 16 | . 3 4 8 1 . Record 2 | . . 1 1 . . Robot Analysis 1 | . . . 1 . . Level Access Points 1 | . 1 . . . . Alert Level 5 | . 1 2 2 . . Unreport Threat 3 | . . 1 1 1 . Dispatch Records 2 | . . . 2 . . Security Status 1 | . 1 . . . . Assault Status 1 | . . . 1 . . Fabricator Hacks 1 | . . . . 1 . Network Status 1 | . . . . 1 . Repair Station Hacks 7 | . . 2 . 5 . Scan Component 4 | . . 1 . 3 . Repair 3 | . . 1 . 2 . Recycling Unit Hacks 1 | . . 1 . . . Report Inventory 1 | . . 1 . . . Scanalyzer . | . . . . . . Garrison Access Hacks . | . . . . . . Unauthorized Hacks 10 | . 2 2 4 2 . Terminals 9 | . 2 2 4 1 . Botnet 8 | . 1 2 4 1 . Operators 1 | . 1 . . . . Fabricators 1 | . . . . 1 . Download 1 | . . . . 1 . Repair Stations . | . . . . . . Recycling Units . | . . . . . . Scanalyzers . | . . . . . . Garrison Access . | . . . . . . Data Cores Recovered . | . . . . . . Used . | . . . . . . Hacking Detections 14 | . 1 5 4 2 2 Full Trace Events 3 | . 1 1 . . 1 Feedback Events . | . . . . . . Feedback Blocked . | . . . . . . Robot Schematics Acquired . | . . . . . . Robots Built . | . . . . . . Matter . | . . . . . . Time . | . . . . . . Total Robot Build Rating . | . . . . . . Part Schematics Acquired 1 | . . . . 1 . Parts Built . | . . . . . . Matter . | . . . . . . Time . | . . . . . . Total Part Build Rating . | . . . . . . Parts Repaired 3 | . . 1 . 2 . Time 127 | . . 13 . 114 . Parts Recycled . | . . . . . . Recycled Matter . | . . . . . . Retrieved Matter . | . . . . . . Retrieved Components . | . . . . . . Parts Scanalyzed . | . . . . . . Part Schematics Acquired . | . . . . . . Parts Damaged . | . . . . . . Bothacking | -11 -10 -9 -8 -7 -6 ------------ Run | Scr Mat Mat Mat Fac Fac Used RIF Installer . | . . . . . . Robots Hacked . | . . . . . . Non-combat . | . . . . . . Combat . | . . . . . . Robot Hacks Applied . | . . . . . . Relay Couplers Released . | . . . . . . Robots Rewired . | . . . . . . Allies Hacked . | . . . . . . Hacks Repelled . | . . . . . . Allies | -11 -10 -9 -8 -7 -6 -------- Run | Scr Mat Mat Mat Fac Fac Total Allies . | . . . . . . Largest Group . | . . . . . . Highest-Rated Group . | . . . . . . Highest-Rated Ally . | . . . . . . Total Orders . | . . . . . . Ally Attacks . | . . . . . . Total Damage . | . . . . . . Kills . | . . . . . . Allies Corrupted . | . . . . . . Allies Melted . | . . . . . . Intel | -11 -10 -9 -8 -7 -6 ------- Run | Scr Mat Mat Mat Fac Fac Robot Analysis Total 1 | . . . 1 . . Derelict Logs Recovered . | . . . . . . Drone Launches . | . . . . . . Drone Recoveries . | . . . . . . Exploration | -11 -10 -9 -8 -7 -6 ------------- Run | Scr Mat Mat Mat Fac Fac Turns Passed 4384 | 135 326 1557 1308 651 407 Spaces Moved 2537 | 80 208 875 747 290 337 Core 181 | 3 . . . . 178 Treads 127 | 70 56 1 . . . Legs . | . . . . . . Wheels 2229 | 7 152 874 747 290 159 Hover . | . . . . . . Flight . | . . . . . . Fastest Speed 50 | 50 100 100 100 100 50 Average Speed 106 | 150 116 107 108 103 89 Slowest Speed 600 | 160 160 180 110 110 600 Overloaded Moves . | . . . . . . Propulsion Burnouts . | . . . . . . Robots Hopped . | . . . . . . Cave-ins Triggered . | . . . . . . Exploration Rate (%) 30 | 6 38 61 58 8 11 Regions Visited 5 Branch Regions . Pre-discovered Areas . | . . . . . . Known Exits Taken 1 | . 1 . . . . Unknown Exits Taken 4 | 1 . 1 1 1 . Scrap Searched . | . . . . . . Spaces Dug 10 | . . 10 . . . Terrain Destroyed 233 | . . 62 53 65 53 Melee . | . . . . . . Projectile 6 | . . . 5 . 1 AOE 227 | . . 62 48 65 52 Terrain Rammed . | . . . . . . Walls Destroyed . | . . . . . . Machines Disabled . | . . . . . . Actions | -11 -10 -9 -8 -7 -6 --------- Run | Scr Mat Mat Mat Fac Fac Total 3806 | 91 257 1321 1099 620 418 Wait 849 | . 27 300 205 274 43 Move 2532 | 79 207 874 746 289 337 Hop . | . . . . . . Pick Up 25 | 4 3 11 3 4 . Fast Attach 50 | 6 1 10 15 12 6 Attach 18 | . . 6 5 3 4 Detach 16 | . . 2 3 6 5 Swap 29 | 2 1 9 10 2 5 Drop 45 | . 1 17 11 14 2 Fire 233 | . 17 89 95 16 16 Melee . | . . . . . . Ram 8 | . . 2 6 . . Kick . | . . . . . . Crush 1 | . . 1 . . . Escape Stasis . | . . . . . . Rewire . | . . . . . . Trap . | . . . . . . Miscellaneous . | . . . . . . Route ------- -11/Scrapyard -10/Materials (discovered 3 exits: *Mat x3) -9/Materials (discovered 2 exits: *Mat / [*Min]) -8/Materials -7/Factory -6/Factory History --------- Turn | Location | Event 47 | -11/Scrapyard | Discovered new exit (range 15) 136 | -11/Scrapyard | Entered Materials 313 | -10/Materials | Build established: Mutant 322 | -10/Materials | Identified exit to Materials 462 | -10/Materials | Entered another Materials area 462 | -9/Materials | Evolved 2 slots: Utility x1, Weapon x1 729 | -9/Materials | Lost 3 parts (2n1w) 1009 | -9/Materials | Repaired Com. Wheel 1033 | -9/Materials | Discovered new exit (range 3) 1358 | -9/Materials | Build established: Scavenger-Mutant 1814 | -9/Materials | Discovered new exit (range 12) 2019 | -9/Materials | Entered another Materials area 2019 | -8/Materials | Evolved 2 slots: Utility x2 2502 | -8/Materials | Discovered new exit (range 4) 2741 | -8/Materials | Build established: Bomber 3231 | -8/Materials | Garrison activated, responded to threat 3327 | -8/Materials | Entered Factory 3327 | -7/Factory | Evolved 2 slots: Propulsion x1, Utility x1 3654 | -7/Factory | Repaired Broken Enh. Autogun 3698 | -7/Factory | Repaired Adv. Treads? 3944 | -7/Factory | Discovered new exit (range 15) 3978 | -7/Factory | Entered another Factory area 3978 | -6/Factory | Evolved 2 slots: Utility x1, Weapon x1 4274 | -6/Factory | Lost 12 parts (1p2n4u5w) 4320 | -6/Factory | Core integrity fell below 50% 4360 | -6/Factory | Lost 3 parts (2n1u) 4376 | -6/Factory | Core integrity fell below 20% 4385 | -6/Factory | Destroyed by H-66 Slayer with Gauss Rifle Last Messages --------------- 04315_ Penetrated by Slug. 04319_ Slug penetrates Wall. 04323_ Penetrated by Slug. 04323_ Com. Wheel destroyed. 04323_ Penetrated by Slug. 04323_ K-01 Serf destroyed. 04324_ Acquired Wheel. 04324_ K-01 Serf cleans the Terminal. 04325_ Slug penetrates Wall. 04326_ Penetrated by Slug. 04329_ K-01 Serf collects debris. 04329_ Slug penetrates K-01 Serf. 04329_ K-01 Serf destroyed. 04329_ Wheel destroyed. 04330_ Penetrated by Slug. 04332_ K-01 Serf cleans the Terminal. 04332_ K-01 Serf collects debris. 04337_ U-05 Engineer lays Concrete. 04375_ Penetrated by Slug. 04385_ Slug penetrates Wall. Map ----- +----------------------------------------------------+ | ?????????? """" #???# #???????????????????? | | ???????? """" #???# #???????????????????? | | ???????# """" ##### #???????????????????? | | ???????# ! + #???????????????????? | | ????????############## #???#####???????????? | | ?????????????????????# #?? ???????????? | | ?????????????????????# #?? """????????????? | | ?????????????????????# #? """ ""?????????? | | ?????????????????????# #? """ """????????? | | ?????????????????????# # ?????????? | | ?????????????????????# # """ "??????????? | | ?????????????????????+ + """ "??????????? | | ?????????????????????# ^ # """ "??????????? | | ?????????????????????# # ?????????? | | ?????????????????????#k #? !???????? | | ?????????????????????# #? #??????? | | ?????????????????????# #?? #??????? | | ?????????????????????# #?############??????? | | ?????????????????????# h # ] ! ???????? | | ?????????????????????# # ????????? | | ?????????????????????+ + """ ""????????????? | | ?????????????????????# # """ ""????????????? | | ?????????????????????# # """ ""????????????? | | ?????????????????????# #? ????????????? | | ?????????????????????# k #?######????????????? | | ?????????????????????####@####???????????????????? | | ??????????????????????? ?????????????????????? | | ?????????????????????""" """" ???????????????????? | | ??????????????????? """" """" ?????????????????? | | ??????????????????# """" """" #????????????????? | | ????????????????????"""" """" k ???????????????? | | ?????????????????????""" """" ###??????????????? | | ??????????????????????""w?????? #????????????????? | | ?????????????????????? ????????????????????????? | | ?????????????????????? ????????????????????????? | | ?????????????????????? ????????????????????????? | | ??????????????????????? ????????????????????????? | | ???????????????????????#?????????????????????????? | | ?????????????????????????????????????????????????? | | ?????????????????????????????????????????????????? | | ?????????????????????????????????????????????????? | | ?????????????????????????????????????????????????? | | ?????????????????????????????????????????????????? | | ?????????????????????????????????????????????????? | | ?????????????????????????????????????????????????? | | ?????????????????????????????????????????????????? | | ?????????????????????????????????????????????????? | | ?????????????????????????????????????????????????? | | ?????????????????????????????????????????????????? | | ?????????????????????????????????????????????????? | +----------------------------------------------------+ Best States ------------- Heat Dissipation 37 Energy Generation 18 Energy Capacity 265 Matter Stores 300 Matter Capacity 300 Sight Range 16 Terrain Scan Density 10 ECM Strength 3 Armor Coverage 600 Power Shielding 33 Utility Shielding 33 Weapon Cycling 15 Evasion (%) 50 Targeting Accuracy 8 Recoil Reduction 1 Kinecelleration 30 Salvage Targeting 1 Offensive Hacking 10 Defensive Hacking 10 Item Schematics ----------------- Imp. Shield Generator | -7/Factory | Downloaded Robot Schematics ------------------ None Fabricated ------------ Nothing Alien Tech Used ----------------- None Achievements -------------- root@ Challenges ------------ None Game ------ Seed AdvancedTrapMagmablaster Manual? 0 Play Time 01:34:43 Cumulative 20.0 hours Start 2021.07.12 @ 16:27:56 End 2021.07.13 @ 18:59:29 Sessions 7 Manual Loads 0 Difficulty Rogue Special Mode None Game No. 19 Rogue 19 Adventurer 0 Explorer 0 Win Type - Total 0 Types 0/0/0/0/0/0/0/0/0 Lore% 9 Gallery% 20 Achievement% 19 Wizard Run 0 Options --------- ASCII 0 Keyboard 1 Movement Numpad Keybinds 0 Fullscreen 2 Font 36/X11 Map View 76x50 Tactical HUD 1 Map Filters NONE Filters NONE Steam 1 RUN: 315d8481-cb46-4458-b15c-ecee9b722c7f